Workbook
Name __xlnm.Print_Area_5: #REF!
Name __xlnm.Print_Titles_4: ([1]Cronograma!$A:$D,[1]Cronograma!$1:$8)
Name EMPRESAS: OFFSET(#REF!,1,0):OFFSET(#REF!,-1,0)
Name INDICES: OFFSET(#REF!,1,0):OFFSET(#REF!,-1,0)
Name NCOTACOES: 1
Name NEMPRESAS: 3
Name NINDICES: 0

Sheet Orçamento Analítico
E2: PREFEITURA MUNICIPAL DE SARZEDO
E3: SECRETARIA MUNICIPAL DE OBRAS E URBANISMO
B4: OBRA | E4: INFRAESTRUTURA ÁREA EXTERNA CEMEI DONA SARITA | F4: REGIÃO DE REFERÊNCIA | J4: CENTRAL/MG
B5: LOCAL | E5: RUA DOS INCONFIDENTES, 150 JARDIM ANCHIETA | F5: PLANILHAS DE REFERÊNCIA | J5: SETOP; SINAPI SEM DESONERAÇÃO
B6: PRAZO DE EXECUÇÃO | E6: 90 DIAS
B7: DATA | E7: 26 DE SETEMBRO DE 2023 | I7: BDI 1 | J7: 0.2267
B8: PLANILHA ORÇAMENTÁRIA
B9: ITEM | C9: REF. | D9: CÓDIGO | E9: DESCRIÇÃO DOS SERVIÇOS | F9: UNI | G9: QUANT. | H9: VALOR UNI S/ BDI | I9: VALOR UNI C/ BDI | J9: VALOR TOTAL
B10: 1 | E10: ADMINISTRAÇÃO LOCAL
B11: 1.1 | C11: SETOP | D11: ED-21776 | E11: ENCARREGADO GERAL DE OBRAS COM ENCARGOS COMPLEMENTARES | F11: =VLOOKUP(D11,[6]Relatório!$A$14:$D$4200,3,FALSE) -> mês | G11: 3 | H11: 8843.51 | I11: =H11*(1+J$7) -> 10848.334 | J11: =G11*I11 -> 32545.001
B12: 1.1 | C12: SINAPI | D12: 90778 | E12: ENGENHEIRO CIVIL DE OBRA PLENO COM ENCARGOS COMPLEMENTARES | F12: hora | G12: 30 | H12: 110.44 | I12: =H12*(1+J$7) -> 135.47675 | J12: =G12*I12 -> 4064.3024
B13: VALOR TOTAL | J13: =SUM(J11:J12) -> 36609.304
B14: 2 | E14: SERVIÇOS PRELIMINARES
B15: 2.1 | C15: SETOP | D15: ED-50150 | E15: LIGAÇÃO DE ÁGUA PROVISÓRIA PARA CANTEIRO, INCLUSIVE HIDRÔMETRO E CAVALETE PARA MEDIÇÃO DE ÁGUA - ENTRADA PRINCIPAL, EM AÇO GALVANIZADO DN 20MM (1/2") - PADRÃO CONCESSIONÁRIA | F15: UNI | G15: 1 | H15: 394.59 | I15: =H15*(1+J$7) -> 484.04355 | J15: =G15*I15 -> 484.04355
B16: 2.2 | C16: SETOP | D16: ED-50151 | E16: LIGAÇÃO PROVISÓRIA COM ENTRADA DE ENERGIA AÉREA, PADRÃO CEMIG, CARGA INSTALADA DE 15,1KVA ATÉ 30KVA, TRIFÁSICO, COM SAÍDA SUBTERRÂNEA, INCLUSIVE POSTE, CAIXA PARA MEDIDOR, DISJUNTOR, BARRAMENTO, ATERRAMENTO E ACESSÓRIOS | F16: uni | G16: 1 | H16: 1201.96 | I16: =H16*(1+J$7) -> 1474.4443 | J16: =G16*I16 -> 1474.4443
B17: 2.3 | C17: SETOP | D17: ED-16349 | E17: LOCAÇÃO DE CONTAINER COM ISOLAMENTO TÉRMICO, TIPO 2, PARA ESCRITÓRIO DE OBRA COM SANITÁRIO CONTENDO UM (1) VASO SANITÁRIO E UM (1) LAVATÓRIO, COM MEDIDAS REFERENCIAIS DE (6) METROS COMPRIMENTO, (2,3) METROS LARGURA E (2,5) METROS ALTURA ÚTIL INTERNA, INCLUSIVE AR CONDICIONADO E LIGAÇÕES ELÉTRICAS E HIDROSSANITÁRIAS INTERNAS, EXCLUSIVE MOBILIZAÇÃO/DESMOBILIZAÇÃO E LIGAÇÕES PROVISÓRIAS EXTERNAS | F17: =VLOOKUP(D17,[6]Relatório!$A$14:$D$4200,3,FALSE) -> mês | G17: 3 | H17: 953.49 | I17: =H17*(1+J$7) -> 1169.6462 | J17: =G17*I17 -> 3508.9385
B18: 2.4 | C18: SETOP | D18: ED-28427 | E18: FORNECIMENTO E COLOCAÇÃO DE PLACA DE OBRA EM CHAPA GALVANIZADA #26, ESP. 0,45MM, DIMENSÃO (3X1,5)M, PLOTADA COM ADESIVO VINÍLICO, AFIXADA COM REBITES 4,8X40MM, EM ESTRUTURA METÁLICA DE METALON 20X20MM, ESP. 1,25MM, INCLUSIVE SUPORTE EM EUCALIPTO AUTOCLAVADO PINTADO COM TINTA PVA DUAS (2) DEMÃOS | F18: =VLOOKUP(D18,[6]Relatório!$A$14:$D$4200,3,FALSE) -> un | G18: 1 | H18: 1419.25 | I18: =H18*(1+J$7) -> 1740.994 | J18: =G18*I18 -> 1740.994
B19: VALOR TOTAL | J19: =SUM(J15:J18) -> 7208.4204
B20: 3 | E20: RESERVATÓRIO DE ÁGUA
B21: 3.1 | C21: COTAÇÃO | E21: RESERVATÓRIO TIPO TARÇA COLUNA SECA, CAPACIDADE DE 10.000 LITROS Hcoluna min= 4,50 Htarça min =7,00m - FORNECIMENTO E INSTALAÇÃO | F21: Unid. | G21: 1 | H21: =((15826+3600)+(19800)+(21450))/3 -> 20225.333 | I21: =H21*(1+J$7) -> 24810.416 | J21: =G21*I21 -> 24810.416
B22: 3.2 | C22: SETOP | D22: ED-51107 | E22: ESCAVAÇÃO MANUAL DE VALA COM PROFUNDIDADE MENOR OU IGUAL A 1,5M, INCLUSIVE DESCARGA LATERAL | F22: m3 | G22: =2*2*0.8 -> 3.2 | H22: 67.39 | I22: =H22*(1+J$7) -> 82.667313 | J22: =G22*I22 -> 264.5354
B23: 3.3 | C23: SETOP | D23: ED-49810 | E23: FÔRMA E DESFORMA DE TÁBUA E SARRAFO, REAPROVEITAMENTO (3X) (FUNDAÇÃO) | F23: m2 | G23: =(2+2+2+2)*0.8 -> 6.4 | H23: 60.61 | I23: =H23*(1+J$7) -> 74.350287 | J23: =G23*I23 -> 475.84184
B24: 3.4 | C24: SETOP | D24: ED-48295 | E24: CORTE, DOBRA E MONTAGEM DE AÇO CA-50, DIÂMETRO (6,3MM A 12,5MM), INCLUSIVE ESPAÇADOR | F24: kg | G24: =50*3.2 -> 160 | H24: 13.81 | I24: =H24*(1+J$7) -> 16.940727 | J24: =G24*I24 -> 2710.5163
B25: 3.5 | C25: SETOP | D25: ED-49804 | E25: FORNECIMENTO DE CONCRETO ESTRUTURAL, USINADO BOMBEADO, COM FCK 20MPA, INCLUSIVE LANÇAMENTO, ADENSAMENTO E ACABAMENTO (FUNDAÇÃO) | F25: m3 | G25: =2*2*0.8 -> 3.2 | H25: 694.96 | I25: =H25*(1+J$7) -> 852.50743 | J25: =G25*I25 -> 2728.0238
B26: VALOR TOTAL | J26: =SUM(J21:J25) -> 30989.334
B27: 4 | E27: DRENAGEM
B28: 4.1 | C28: SETOP | D28: ED-51107 | E28: ESCAVAÇÃO MANUAL DE VALA COM PROFUNDIDADE MENOR OU IGUAL A 1,5M, INCLUSIVE DESCARGA LATERAL | F28: =VLOOKUP(D28,[6]Relatório!$A$14:$D$4200,3,FALSE) -> m3 | G28: =40*0.4*1 -> 16 | H28: 67.39 | I28: =H28*(1+J$7) -> 82.667313 | J28: =G28*I28 -> 1322.677
B29: 4.2 | C29: SETOP | D29: ED-51093 | E29: APILOAMENTO MANUAL EM FUNDO DE VALA COM SOQUETE, EXCLUSIVE ESCAVAÇÃO | F29: =VLOOKUP(D29,[6]Relatório!$A$14:$D$4200,3,FALSE) -> m2 | G29: =40*1 -> 40 | H29: 22.72 | I29: =H29*(1+J$7) -> 27.870624 | J29: =G29*I29 -> 1114.825
B30: 4.3 | C30: SINAPI | D30: 89512 | E30: TUBO PVC, SÉRIE R, ÁGUA PLUVIAL, DN 100 MM, FORNECIDO E INSTALADO EM RAMAL M DE ENCAMINHAMENTO. AF_06/2022 | F30: m | G30: 30 | H30: 49.55 | I30: =H30*(1+J$7) -> 60.782985 | J30: =G30*I30 -> 1823.4896
B31: 4.4 | C31: SETOP | D31: ED-50031 | E31: FORNECIMENTO E ASSENTAMENTO DE TUBO PVC RÍGIDO, ESGOTO, PBV - SÉRIE NORMAL, DN 200 MM (8"), INCLUSIVE CONEXÕES | F31: =VLOOKUP(D31,[6]Relatório!$A$14:$D$4200,3,FALSE) -> m | G31: 40 | H31: 171.91 | I31: =H31*(1+J$7) -> 210.882 | J31: =G31*I31 -> 8435.2799
B32: 4.5 | C32: SETOP | D32: ED-49334 | E32: ENVELOPE DE CONCRETO PARA PROTEÇÃO DE TUBOS DE PVC ENTERRADO - CONCRETO TIPO A FCK = 13,5 MPA | F32: =VLOOKUP(D32,[6]Relatório!$A$14:$D$4200,3,FALSE) -> m3 | G32: =40*0.4*0.25 -> 4 | H32: 618.83 | I32: =H32*(1+J$7) -> 759.11876 | J32: =G32*I32 -> 3036.475
B33: 4.6 | C33: SETOP | D33: ED-51120 | E33: REATERRO MANUAL DE VALA, INCLUSIVE ESPALHAMENTO E COMPACTAÇÃO MANUAL COM SOQUETE | F33: =VLOOKUP(D33,[6]Relatório!$A$14:$D$4200,3,FALSE) -> m3 | G33: =(40*0.4*0.75)+30% -> 12.3 | H33: 67.39 | I33: =H33*(1+J$7) -> 82.667313 | J33: =G33*I33 -> 1016.8079
B34: 4.7 | C34: SETOP | D34: ED-49932 | E34: CAIXA DE DRENAGEM DE INSPEÇÃO/PASSAGEM EM ALVENARIA (100X100X80CM), REVESTIMENTO EM ARGAMASSA COM ADITIVO IMPERMEABILIZANTE, COM TAMPA EM GRELHA, INCLUSIVE ESCAVAÇÃO, REATERRO E TRANSPORTE E RETIRADA DO MATERIAL ESCAVADO (EM CAÇAMBA) | F34: =VLOOKUP(D34,[6]Relatório!$A$14:$D$4200,3,FALSE) -> un | G34: 8 | H34: 850.68 | I34: =H34*(1+J$7) -> 1043.5292 | J34: =G34*I34 -> 8348.2332
B35: 4.8 | C35: SETOP | D35: ED-48552 | E35: CANALETA PARA DRENAGEM, PRÉ-MOLDADA, TIPO MEIA CANA, DIÂMETRO 30CM, EXCLUSIVE TAMPA, INCLUSIVE ASSENTAMENTO EM ARGAMASSA, TRAÇO 1:3 (CIMENTO E AREIA), ESCAVAÇÃO, TRANSPORTE E RETIRADA DO MATERIAL ESCAVADO (EM CAÇAMBA) | F35: =VLOOKUP(D35,[6]Relatório!$A$14:$D$4200,3,FALSE) -> m | G35: =25+50+36 -> 111 | H35: 66.43 | I35: =H35*(1+J$7) -> 81.489681 | J35: =G35*I35 -> 9045.3546
E36: VALOR TOTAL | J36: =SUM(J28:J35) -> 34143.142
B37: 5 | E37: CERCAMENTO EXTERNO
B38: 5.1 | C38: SINAPI | D38: 96385 | E38: EXECUÇÃO E COMPACTAÇÃO DE ATERRO COM SOLO PREDOMINANTEMENTE ARGILOSO EXCLUSIVE SOLO, ESCAVAÇÃO, CARGA E TRANSPORTE. AF_11/2019 | F38: m3 | G38: =522*0.15 -> 78.3 | H38: 10.58 | I38: =H38*(1+J$7) -> 12.978486 | J38: =G38*I38 -> 1016.2155
B39: 5.2 | C39: SETOP | D39: ED-51133 | E39: TRANSPORTE DE MATERIAL DE QUALQUER NATUREZA COM CARRINHO DE MÃO, COM DISTÂNCIAS MENORES OU IGUAIS A 50M, INCLUSIVE CARGA/DESCARGA | F39: m3 | G39: =522*0.15 -> 78.3 | H39: 23.37 | I39: =H39*(1+J$7) -> 28.667979 | J39: =G39*I39 -> 2244.7028
B40: 5.3 | C40: SETOP | D40: ED-50598 | E40: LAJE DE TRANSIÇÃO E = 12 CM, FCK = 18 MPA USINADO ( MECANIZADO), INCLUSIVE TELA 0,97 KG/M2 E ACABAMENTO NIVEL ZERO | F40: m2 | G40: =(52*26)-830 -> 522 | H40: 155.59 | I40: =H40*(1+J$7) -> 190.86225 | J40: =G40*I40 -> 99630.096
B41: 5.4 | C41: SETOP | D41: ED-29801 | E41: PERFURAÇÃO MANUAL DE ESTACA TIPO BROCA A TRADO, INCLUSIVE AFASTAMENTO, EXCLUSIVE ARMAÇÃO, CONCRETO ESTRUTURAL, TRANSPORTE E RETIRADA DO MATERIAL ESCAVADO | F41: m3 | G41: =39*(0.15*0.15*3.14*1.5) -> 4.133025 | H41: 164.85 | I41: =H41*(1+J$7) -> 202.2215 | J41: =G41*I41 -> 835.78649
B42: 5.5 | C42: SETOP | D42: ED-48295 | E42: CORTE, DOBRA E MONTAGEM DE AÇO CA-50, DIÂMETRO (6,3MM A 12,5MM), INCLUSIVE ESPAÇADOR | F42: kg | G42: =5*1.5*39*0.395 -> 115.5375 | H42: 13.81 | I42: =H42*(1+J$7) -> 16.940727 | J42: =G42*I42 -> 1957.2892
B43: 5.6 | C43: SETOP | D43: ED-49804 | E43: FORNECIMENTO DE CONCRETO ESTRUTURAL, USINADO BOMBEADO, COM FCK 20MPA, INCLUSIVE LANÇAMENTO, ADENSAMENTO E ACABAMENTO (FUNDAÇÃO) | F43: m3 | G43: =G41 -> 4.133025 | H43: 694.96 | I43: =H43*(1+J$7) -> 852.50743 | J43: =G43*I43 -> 3523.4345
B44: 5.7 | C44: SETOP | D44: ED-51107 | E44: ESCAVAÇÃO MANUAL DE VALA COM PROFUNDIDADE MENOR OU IGUAL A 1,5M, INCLUSIVE DESCARGA LATERAL | F44: =VLOOKUP(D44,[6]Relatório!$A$14:$D$4200,3,FALSE) -> m3 | G44: =118*0.2*0.3 -> 7.08 | H44: 67.39 | I44: =H44*(1+J$7) -> 82.667313 | J44: =G44*I44 -> 585.28458
B45: 5.8 | C45: SETOP | D45: ED-51093 | E45: APILOAMENTO MANUAL EM FUNDO DE VALA COM SOQUETE, EXCLUSIVE ESCAVAÇÃO | F45: =VLOOKUP(D45,[6]Relatório!$A$14:$D$4200,3,FALSE) -> m2 | G45: =118*0.2 -> 23.6 | H45: 22.72 | I45: =H45*(1+J$7) -> 27.870624 | J45: =G45*I45 -> 657.74673
B46: 5.9 | C46: SETOP | D46: ED-49804 | E46: FORNECIMENTO DE CONCRETO ESTRUTURAL, USINADO BOMBEADO, COM FCK 20MPA, INCLUSIVE LANÇAMENTO, ADENSAMENTO E ACABAMENTO (FUNDAÇÃO) | F46: m3 | G46: =118*0.2*0.3 -> 7.08 | H46: 694.96 | I46: =H46*(1+J$7) -> 852.50743 | J46: =G46*I46 -> 6035.7526
B47: 5.10 | D47: ED-49810 | E47: FÔRMA E DESFORMA DE TÁBUA E SARRAFO, REAPROVEITAMENTO (3X) (FUNDAÇÃO) | F47: m2 | G47: =118*0.3*2 -> 70.8 | H47: 60.61 | I47: =H47*(1+J$7) -> 74.350287 | J47: =G47*I47 -> 5264.0003
B48: 5.11 | D48: ED-48295 | E48: CORTE, DOBRA E MONTAGEM DE AÇO CA-50, DIÂMETRO (6,3MM A 12,5MM), INCLUSIVE ESPAÇADOR | F48: kg | G48: =(118*4*0.395)+(118/0.2*0.8*0.222) -> 291.224 | H48: 13.81 | I48: =H48*(1+J$7) -> 16.940727 | J48: =G48*I48 -> 4933.5463
B49: 5.12 | C49: SETOP | D49: ED-48213 | E49: ALVENARIA DE BLOCO DE CONCRETO CHEIO COM ARMAÇÃO, EM CONCRETO COM FCK 15MPA , ESP. 14CM, PARA REVESTIMENTO, INCLUSIVE ARGAMASSA PARA ASSENTAMENTO (DETALHE D - CADERNO SEDS) | F49: =VLOOKUP(D49,[6]Relatório!$A$14:$D$4200,3,FALSE) -> m2 | G49: =118*0.2 -> 23.6 | H49: 218.89 | I49: =H49*(1+J$7) -> 268.51236 | J49: =G49*I49 -> 6336.8918
B50: 5.13 | C50: COMPOSIÇÃO 01 | D50: CPU-01 | E50: INSTALAÇÃO DE GRADIL LIGHT 50x200x4,30mm, h=2,03m, INCLUSIVE POSTE. | F50: m | G50: =50+9+9.5+8.5+41 -> 118 | H50: =CPU!H9 -> 292.06 | I50: =H50*(1+J$7) -> 358.27 | J50: =G50*I50 -> 42275.86
B51: 5.14 | C51: COMPOSIÇÃO 02 | D51: CPU-02 | E51: =CPU!D13 -> INSTALAÇÃO DE GRADIL LIGHT 50x200x5,00mm, h=1,03m, INCLUSIVE POSTE. | F51: m | G51: =25+50 -> 75 | H51: =CPU!H13 -> 209.95933 | I51: =H51*(1+J$7) -> 257.55711 | J51: =G51*I51 -> 19316.784
B52: 5.15 | C52: SETOP | D52: ED-50983 | E52: PORTÃO DE GRADE COLOCADO COM CADEADO | F52: m2 | G52: =7.5 -> 7.5 | H52: 384.48 | I52: =H52*(1+J$7) -> 471.64162 | J52: =G52*I52 -> 3537.3121
B53: 5.16 | C53: SETOP | D53: ED-50491 | E53: PINTURA ESMALTE EM ESQUADRIAS DE FERRO, DUAS (2) DEMÃOS, INCLUSIVE UMA (1) DEMÃO DE FUNDO ANTICORROSIVO | F53: m2 | G53: 15 | H53: 34.35 | I53: =H53*(1+J$7) -> 42.137145 | J53: =G53*I53 -> 632.05718
B54: 5.17 | C54: SETOP | D54: ED-50396 | E54: MURO DIVISÓRIO EM BLOCO DE CONCRETO COM ACABAMENTO APARENTE, ESP.15CM, ALTURA DE 220CM, COM SAPATA EM CONCRETO ARMADO , DIMENSÃO (50X55)CM, FORMA EM CONTRA BARRANCO, INCLUSIVE ESCAVAÇÃO COM TRANSPORTE E RETIRADA DO MATERIAL ESCAVADO (EM CAÇAMBA) E PINGADEIRA EM CONCRETO | F54: m | G54: =36+64 -> 100 | H54: 492.67 | I54: =H54*(1+J$7) -> 604.35829 | J54: =G54*I54 -> 60435.829
E55: VALOR TOTAL | J55: =SUM(J38:J54) -> 259218.59
B56: 6 | E56: GUARDA CORPO
B57: 6.1 | C57: SUDECAP | D57: 13.40.83 | E57: GUARDA CORPO MOD. “TUBOS VERTICAIS”, COM MONTANTES D=2”, FIXAÇÃO A CADA 144 CM, TUBOS VERTICAIS INTERMEDIÁRIOS D= 1 1/4", CORRIMÃO DUPLO, TUBO INDUSTRIAL CHAPA 16 - 1,50 MM (NBR 6591) | F57: m | G57: 22 | H57: 436.85 | I57: =H57*(1+J$7) -> 535.8839 | J57: =G57*I57 -> 11789.446
E58: VALOR TOTAL | J58: =SUM(J57:J57) -> 11789.446
B59: 7 | E59: ASSENTAMENTO DE MEIO FIO E SARJETA
B60: 7.1 | C60: SETOP | D60: ED-48472 | E60: REMOÇÃO MANUAL DE GUIA DE MEIO-FIO PRÉ-MOLDADA EM CONCRETO, COM REAPROVEITAMENTO, INCLUSIVE AFASTAMENTO E EMPILHAMENTO, EXCLUSIVE TRANSPORTE E RETIRADA DO MATERIAL REMOVIDO NÃO REAPROVEITÁVEL | F60: M | G60: =70+42 -> 112 | H60: 11 | I60: =H60*(1+J$7) -> 13.4937 | J60: =G60*I60 -> 1511.2944
B61: 7.2 | C61: SETOP | D61: ED-51126 | E61: TRANSPORTE DE MATERIAL DEMOLIDO EM CAÇAMBA (MUNICÍPIO: BELO HORIZONTE), EXCLUSIVE CARGA MANUAL OU MECÂNICA | F61: M3 | G61: 6 | H61: 50 | I61: =H61*(1+J$7) -> 61.335 | J61: =G61*I61 -> 368.01
B62: 7.3 | C62: SETOP | D62: ED-51131 | E62: CARGA MANUAL DE MATERIAL DE QUALQUER NATUREZA SOBRE CAMINHÃO, EXCLUSIVE TRANSPORTE | F62: M3 | G62: 6 | H62: 39.52 | I62: =H62*(1+J$7) -> 48.479184 | J62: =G62*I62 -> 290.8751
B63: 7.4 | C63: SETOP | D63: ED-51140 | E63: GUIA DE MEIO-FIO, EM CONCRETO COM FCK 20MPA, PRÉ-MOLDADA, MFC-03 PADRÃO DER-MG, DIMENSÕES (12X18X45)CM,EXCLUSIVE SARJETA, INCLUSIVE ESCAVAÇÃO, APILOAMENTO E TRANSPORTE COM RETIRADA DO MATERIAL ESCAVADO (EM CAÇAMBA) | F63: M | G63: =70+42 -> 112 | H63: 73.14 | I63: =H63*(1+J$7) -> 89.720838 | J63: =G63*I63 -> 10048.734
B64: 7.5 | C64: SINAPI | D64: 102498 | E64: PINTURA DE MEIO-FIO COM TINTA BRANCA A BASE DE CAL (CAIAÇÃO). AF_05/2021 | F64: M | G64: =112*0.2*0.15 -> 3.36 | H64: 1.4 | I64: =H64*(1+J$7) -> 1.71738 | J64: =G64*I64 -> 5.7703968
B65: 7.6 | C65: SETOP | D65: ED-14762 | E65: SARJETA DE CONCRETO URBANO (SCU), TIPO 1, COM FCK 15 MPA, LARGURA DE 50CM COM INCLINAÇÃO DE 3%, ESP. 7CM, PADRÃO DER-MG, EXCLUSIVE MEIO-FIO, INCLUSIVE ESCAVAÇÃO, APILAOMENTO E TRANSPORTE COM RETIRADA DO MATERIAL ESCAVADO (EM CAÇAMBA) | F65: M | G65: =70+42 -> 112 | H65: 39.7 | I65: =H65*(1+J$7) -> 48.69999 | J65: =G65*I65 -> 5454.3989
E66: VALOR TOTAL | J66: =SUM(J60:J65) -> 17679.083
B67: 8 | E67: PASSEIO DE CONCRETO
B68: 8.1 | C68: SETOP | D68: ED-50703 | E68: LIMPEZA DE TERRENO, INCLUSIVE CAPINA, RASTELAMENTO COM AFASTAMENTO ATÉ VINTE (20) METROS E QUEIMA CONTROLADA | F68: M2 | G68: =(70+42)*3 -> 336 | H68: 2.32 | I68: =H68*(1+J$7) -> 2.845944 | J68: =G68*I68 -> 956.23718
B69: 8.2 | C69: SETOP | D69: ED-51123 | E69: REGULARIZAÇÃO MANUAL E COMPACTAÇÃO MECANIZADA DE TERRENO COM PLACA VIBRATÓRIA, EXCLUSIVE DESMATAMENTO, DESTOCAMENTO, LIMPEZA/ROÇADA DO TERRENO | F69: M2 | G69: =(70+42)*3 -> 336 | H69: 4.71 | I69: =H69*(1+J$7) -> 5.777757 | J69: =G69*I69 -> 1941.3264
B70: 8.3 | C70: SETOP | D70: ED-48442 | E70: DEMOLIÇÃO MECANIZADA DE CONCRETO, SEM ARMAÇÃO, COM EQUIPAMENTO ELÉTRICO, INCLUSIVE AFASTAMENTO E EMPILHAMENTO, EXCLUSIVE TRANSPORTE E RETIRADA DO MATERIAL DEMOLIDO | F70: M3 | G70: 3 | H70: 148.98 | I70: =H70*(1+J$7) -> 182.75377 | J70: =G70*I70 -> 548.2613
B71: 8.4 | C71: SETOP | D71: ED-51126 | E71: TRANSPORTE DE MATERIAL DEMOLIDO EM CAÇAMBA (MUNICÍPIO: BELO HORIZONTE), EXCLUSIVE CARGA MANUAL OU MECÂNICA | F71: M3 | G71: 3 | H71: 50 | I71: =H71*(1+J$7) -> 61.335 | J71: =G71*I71 -> 184.005
B72: 8.5 | C72: SETOP | D72: ED-51131 | E72: CARGA MANUAL DE MATERIAL DE QUALQUER NATUREZA SOBRE CAMINHÃO, EXCLUSIVE TRANSPORTE | F72: M3 | G72: 3 | H72: 39.52 | I72: =H72*(1+J$7) -> 48.479184 | J72: =G72*I72 -> 145.43755
B73: 8.6 | C73: SETOP | D73: ED-51144 | E73: PASSEIOS DE CONCRETO E = 8 CM, FCK = 15 MPA PADRÃO PREFEITURA | F73: M2 | G73: =(70+42)*3 -> 336 | H73: 70.08 | I73: =H73*(1+J$7) -> 85.967136 | J73: =G73*I73 -> 28884.958
B74: 8.7 | C74: SUDECAP | D74: 02.12.01 | E74: CORTE MECAN. C/ SERRA CIRCULAR EM CONCRETO/ASFALTO | F74: M | G74: 118 | H74: 1.9 | I74: =H74*(1+J$7) -> 2.33073 | J74: =G74*I74 -> 275.02614
B75: 8.8 | C75: SETOP | D75: ED-50582 | E75: REVESTIMENTO COM LADRILHO HIDRÁULICO APLICADO EM PISO (20X20CM) COM JUNTA SECA, COM DUAS (2) CORES, ASSENTAMENTO COM ARGAMASSA INDUSTRIALIZADA | F75: M2 | G75: =(70+42)*3 -> 336 | H75: 89.68 | I75: =H75*(1+J$7) -> 110.01046 | J75: =G75*I75 -> 36963.513
B76: 8.9 | C76: SETOP | D76: ED-51148 | E76: RAMPA PARA ACESSO DE DEFICIENTE, EM CONCRETO SIMPLES FCK = 25 MPA, DESEMPENADA, COM PINTURA INDICATIVA, 02 DEMÃOS | F76: U | G76: 1 | H76: 413.94 | I76: =H76*(1+J$7) -> 507.7802 | J76: =G76*I76 -> 507.7802
E77: VALOR TOTAL | J77: =SUM(J68:J76) -> 70406.545
B78: 9 | E78: PLANTIO DE GRAMAS E PAISAGISMO
B79: 9.1 | C79: SETOP | D79: ED-25243 | E79: FORNECIMENTO DE PALMEIRA JERIVÁ COM ALTURA MÉDIA DE 2,00M, EXCLUSIVE PLANTIO | F79: un | G79: 5 | H79: 176 | I79: =H79*(1+J$7) -> 215.8992 | J79: =G79*I79 -> 1079.496
B80: 9.2 | C80: COTAÇÃO INTERNET | E80: FORNECIMENTO DE PALMEIRA AZUL COM ALTURA SUPERIOR A 1,50M, | F80: un | G80: 3 | H80: =(304.69+307.3+375.25)/3 -> 329.08 | I80: =H80*(1+J$7) -> 403.68244 | J80: =G80*I80 -> 1211.0473
B81: 9.3 | C81: SETOP | D81: ED-50378 | E81: JARDINEIRO COM ENCARGOS COMPLEMENTARES | F81: h | G81: 40 | H81: 24.24 | I81: =H81*(1+J$7) -> 29.735208 | J81: =G81*I81 -> 1189.4083
B82: 9.4 | C82: SETOP | D82: ED-50437 | E82: PLANTIO DE GRAMA ESMERALDA EM PLACAS, INCLUSIVE TERRA VEGETAL E CONSERVAÇÃO POR TRINTA (30) DIAS | F82: M2 | G82: =2500-1250 -> 1250 | H82: 30.66 | I82: =H82*(1+J$7) -> 37.610622 | J82: =G82*I82 -> 47013.278
E83: VALOR TOTAL | J83: =SUM(J79:J82) -> 50493.229
B84: 10 | E84: INSTALAÇÕES ELÉTRICAS
B85: 10.1 | C85: SETOP | D85: ED-49498 | E85: QUADRO DE DISTRIBUIÇÃO PARA 8 MÓDULOS COM BARRAMENTO E CHAVE | F85: UN | G85: 1 | H85: 160.15 | I85: =H85*(1+J$7) -> 196.45601 | J85: =G85*I85 -> 196.45601
B86: 10.2 | C86: SETOP | D86: ED-49215 | E86: CAIXA DE PASSAGEM 20 X 20 CM EM CHAPA DE FERRO COM TAMPA CEGA | F86: UN | G86: 11 | H86: 37.18 | I86: =H86*(1+J$7) -> 45.608706 | J86: =G86*I86 -> 501.69577
B87: 10.3 | C87: SETOP | D87: ED-4155 | E87: DUTO CORRUGADO EM PEAD (POLIETILENO DE ALTA DENSIDADE), PARA PROTEÇÃO DE CABOS SUBTERRÂNEOS DN 30 MM (1.1/4") | F87: M | G87: 120 | H87: 26.03 | I87: =H87*(1+J$7) -> 31.931001 | J87: =G87*I87 -> 3831.7201
B88: 10.4 | C88: SINAPI | D88: 100619 | E88: POSTE DECORATIVO PARA JARDIM EM AÇO TUBULAR, H = *2,5* M, SEM LUMINÁRIA - FORNECIMENTO E INSTALAÇÃO. AF_11/2019 | F88: UN | G88: 11 | H88: 600.6 | I88: =H88*(1+J$7) -> 736.75602 | J88: =G88*I88 -> 8104.3162
B89: 10.5 | C89: SETOP | D89: ED-48989 | E89: CABO DE COBRE FLEXÍVEL, CLASSE 5, ISOLAMENTO TIPO EPR/ HEPR, NÃO HALOGENADO, ANTICHAMA, TERMOFIXO, UNIPOLAR, SEÇÃO 2,5 MM2, 90°C, 0,6/1KV | F89: M | G89: 300 | H89: 5.02 | I89: =H89*(1+J$7) -> 6.158034 | J89: =G89*I89 -> 1847.4102
B90: 10.6 | C90: SETOP | D90: ED-13354 | E90: LUMINÁRIA TIPO DROPS COM BASE SUPORTE GALVANIZADA EGLOBO LEITOSO COMPLETA, PARA UMA (1) LÂMPADA LED, POTÊNCIA 15W, BULBO A65, FORNECIMENTO E INSTALAÇÃO, INCLUSIVE BASE E LÂMPADA | F90: UN | G90: 13 | H90: 89.25 | I90: =H90*(1+J$7) -> 109.48298 | J90: =G90*I90 -> 1423.2787
E91: VALOR TOTAL | J91: =SUM(J85:J90) -> 15904.877
B92: 11 | E92: LIMPEZA GERAL DE OBRAS
B93: 11.1 | C93: SETOP | D93: ED-50266 | E93: LIMPEZA FINAL PARA ENTREGA DA OBRA | F93: M2 | G93: 1250 | H93: 7.08 | I93: =H93*(1+J$7) -> 8.685036 | J93: =G93*I93 -> 10856.295
E94: VALOR TOTAL | J94: =SUM(J93:J93) -> 10856.295
F95: VALOR TOTAL DOS SERVIÇOS | J95: =J13+J19+J26+J36+J55+J58+J66+J77+J83+J91+J94 -> 545298.26
E101: VALTER EDIRALDO DE OLIVEIRA | I101: William Alves Pereira
E102: SECRETÁRIO MUNICIPAL DE OBRAS E URBANISMO | I102: ENGENHEIRO CIVIL CREA 77385/D

Sheet CPU
A1: PLANILHA DE COMPOSIÇÃO DE PREÇOS UNITÁRIOS - INFRAESTRUTURA ÁREA EXTERNA CEMEI JARDIM ANCHIETA (DONA SARITA)
A2: INFRAESTRUTURA ÁREA EXTERNA CEMEI JARDIM ANCHIETA (DONA SARITA) | D2: PREFEITURA MUNICIPAL DE SARZEDO | H2: DATA: | I2: 45195
D3: CNPJ 016.125.09/0001-58
H4: REFERENCIA: | I4: SETOP
A5: LOCAL: SARZEDO -M.GERAIS | D5: RUA ELOY CÂNDIDO DE MELO, 477 - CENTRO - CEP 32.450-000 - SARZEDO - MG
A6: COORDENADAS
A8: Item | B8: Fonte | C8: Código | D8: DESCRIÇÃO | E8: Unidade | F8: Quantidade | G8: =IF(TIPOORCAMENTO="Licitado","","Custo Unitário (sem BDI) (R$)") -> Custo Unitário (sem BDI) (R$) | H8: Preço Total (R$)
A9: 1 | C9: CPU-01 | D9: INSTALAÇÃO DE GRADIL LIGHT 50x200x4,30mm, h=2,03m, INCLUSIVE POSTE. | E9: UN. | H9: =SUM(H10:I12) -> 292.06
A10: 1.1 | B10: SETOP | C10: ED-5038 | D10: PEDREIRO COM ENCARGOS COMPLEMENTARES | E10: H | F10: 1 | G10: 27.45 | H10: =G10*F10 -> 27.45
A11: 1.2 | B11: SETOP | C11: ED-50367 | D11: SERVENTE COM ENCARGOS COMPLEMENTARES | E11: H | F11: 2 | G11: 19.76 | H11: =G11*F11 -> 39.52
A12: 1.3 | B12: COTAÇÃO TOTAL TELAS | D12: GRADIL LIGHT MALHA 50X200mm 2500MM(L) X 2030MM (H) Fio 4,00mm 2,57m² BRANCA | E12: M | F12: 1 | G12: 225.09 | H12: =G12*F12 -> 225.09
A13: 2 | C13: CPU-02 | D13: INSTALAÇÃO DE GRADIL LIGHT 50x200x5,00mm, h=1,03m, INCLUSIVE POSTE. | E13: UN. | H13: =SUM(H14:I16) -> 209.95933
A14: 2.1 | B14: SETOP | C14: ED-5038 | D14: PEDREIRO COM ENCARGOS COMPLEMENTARES | E14: H | F14: 0.8 | G14: 27.45 | H14: =G14*F14 -> 21.96
A15: 2.2 | B15: SETOP | C15: ED-50367 | D15: SERVENTE COM ENCARGOS COMPLEMENTARES | E15: H | F15: 1.6 | G15: 19.76 | H15: =G15*F15 -> 31.616
A16: 2.3 | B16: COTAÇÃO TOTAL TELAS | D16: GRADIL LIGHT MALHA 50X200mm 2500MM(L) X 1030MM (H) Fio 5,00mm 2,57m² BRANCA | E16: M | F16: 1 | G16: =(139.45+171.15+158.55)/3 -> 156.38333 | H16: =G16*F16 -> 156.38333
E18: VALTER EDIRALDO DE OLIVEIRA | H18: WILLIAM ALVES PEREIRA
E19: SECRETÁRIO MUNICIPAL DE OBRAS E URBANISMO | H19: ENGENHEIRO CIVIL

Sheet CFF
A1: CRONOGRAMA FÍSICO-FINANCEIRO
A2: SECRETARIA MUNICIPAL DE OBRAS E URBANISMO
A3: PREFEITURA MUNICIPAL DE SARZEDO | C3: DATA: 26/09/2023 PRAZO DA OBRA: 3 MESES
A4: SERVIÇO: INFRAESTRUTURA ÁREA EXTERNA CEMEI DONA SARITA | C4: RUA DOS INCONFIDENTES, 150 JARDIM ANCHIETA
A5: ITEM | B5: ETAPAS / DESCRIÇÃO | C5: FÍSICO/ FINANCEIRO | D5: TOTAL ETAPAS | E5: MÊS 1 | F5: MÊS 2 | G5: MÊS 3
A6: SERVIÇO: ÁREA EXTERNA ESCOLA MASTERVILLE
A7: 1 | B7: ='Orçamento Analítico'!E10 -> ADMINISTRAÇÃO LOCAL | C7: Físico % | D7: =D8/$D$30 -> 0.067136292 | E7: =1/3 -> 0.33333333 | F7: =1/3 -> 0.33333333 | G7: =1/3 -> 0.33333333
C8: Financeiro | D8: ='Orçamento Analítico'!J13:J13 -> 36609.304 | E8: =ROUND(E7*$D$8,4) -> 12203.101 | F8: =ROUND(F7*$D$8,4) -> 12203.101 | G8: =ROUND(G7*$D$8,4) -> 12203.101
A9: 2 | B9: ='Orçamento Analítico'!E14 -> SERVIÇOS PRELIMINARES | C9: Físico % | D9: =D10/$D$30 -> 0.013219225 | E9: 0.6754 | F9: 0.1623 | G9: 0.1623
C10: Financeiro | D10: ='Orçamento Analítico'!J19 -> 7208.4204 | E10: =E9*$D$10 -> 4868.5671 | F10: =F9*$D$10 -> 1169.9266 | G10: =G9*$D$10 -> 1169.9266
A11: 3 | B11: ='Orçamento Analítico'!E20 -> RESERVATÓRIO DE ÁGUA | C11: Físico % | D11: =D12/$D$30 -> 0.056830061 | E11: 1
C12: Financeiro | D12: ='Orçamento Analítico'!J26 -> 30989.334 | E12: =E11*D12 -> 30989.334
A13: 4 | B13: ='Orçamento Analítico'!E27 -> DRENAGEM | C13: Físico % | D13: =D14/$D$30 -> 0.062613701 | G13: 1
C14: Financeiro | D14: ='Orçamento Analítico'!J36 -> 34143.142 | G14: =G13*$D$14 -> 34143.142
A15: 5 | B15: ='Orçamento Analítico'!E37 -> CERCAMENTO EXTERNO | C15: Físico % | D15: =D16/$D$30 -> 0.47537028 | E15: =1/3 -> 0.33333333 | F15: =1/3 -> 0.33333333 | G15: =1/3 -> 0.33333333
C16: Financeiro | D16: ='Orçamento Analítico'!J55 -> 259218.59 | E16: =E15*D$16 -> 86406.196 | F16: =F15*D$16 -> 86406.196 | G16: =G15*D$16 -> 86406.196
A17: 6 | B17: ='Orçamento Analítico'!E56 -> GUARDA CORPO | C17: Físico % | D17: =D18/$D$30 -> 0.021620178 | G17: 1
C18: Financeiro | D18: ='Orçamento Analítico'!J58 -> 11789.446 | G18: =G17*D18 -> 11789.446
A19: 7 | B19: ='Orçamento Analítico'!E59 -> ASSENTAMENTO DE MEIO FIO E SARJETA | C19: Físico % | D19: =D20/$D$30 -> 0.032420941 | F19: 0.5 | G19: 0.5
C20: Financeiro | D20: ='Orçamento Analítico'!J66 -> 17679.083 | F20: =F19*$D$20 -> 8839.5413 | G20: =G19*$D$20 -> 8839.5413
A21: 8 | B21: ='Orçamento Analítico'!E67 -> PASSEIO DE CONCRETO | C21: Físico % | D21: =D22/$D$30 -> 0.12911566 | F21: 0.5 | G21: 0.5
C22: Financeiro | D22: ='Orçamento Analítico'!J77 -> 70406.545 | F22: =F21*D22 -> 35203.272 | G22: =G21*D22 -> 35203.272
A23: 9 | B23: ='Orçamento Analítico'!E78 -> PLANTIO DE GRAMAS E PAISAGISMO | C23: Físico % | D23: =D24/$D$30 -> 0.092597451 | F23: 0.5 | G23: 0.5
C24: Financeiro | D24: ='Orçamento Analítico'!J83 -> 50493.229 | F24: =F23*$D$24 -> 25246.615 | G24: =G23*$D$24 -> 25246.615
A25: 10 | B25: ='Orçamento Analítico'!E84 -> INSTALAÇÕES ELÉTRICAS | C25: Físico % | D25: =D26/$D$30 -> 0.029167298 | G25: 1
C26: Financeiro | D26: ='Orçamento Analítico'!J91 -> 15904.877 | G26: =G25*D26 -> 15904.877
A27: 11 | B27: ='Orçamento Analítico'!E92 -> LIMPEZA GERAL DE OBRAS | C27: Físico % | D27: =D28/$D$30 -> 0.019908912 | G27: 1
C28: Financeiro | D28: ='Orçamento Analítico'!J94 -> 10856.295 | G28: =G27*$D$28 -> 10856.295
A29: TOTAL | C29: Físico % | D29: =D7+D9+D11+D13+D15+D17+D19+D21+D23+D25+D27 -> 1 | E29: =E30/$D$30 -> 0.24659385 | F29: =F30/$D$30 -> 0.31004803 | G29: =G30/$D$30 -> 0.44335812
C30: Financeiro | D30: =D8+D10+D12+D28+D14+D16+D18+D20+D22+D24+D26 -> 545298.26 | E30: =E8+E10+E12+E14+E16+E18+E20+E22+E24+E26+E28 -> 134467.2 | F30: =F8+F10+F12+F14+F16+F18+F20+F22+F24+F26+F28 -> 169068.65 | G30: =G8+G10+G12+G14+G16+G18+G20+G22+G24+G26+G28 -> 241762.41
B34: WILLIAM ALVES PEREIRA
B35: Eng. Civil, CREA/MG: 77385/D

Sheet BDI
A1: BDI | AB1: 1 | AF1: CONSTRUÇÃO DE EDIFÍCIOS | AG1: 0.04 | AH1: 0.008 | AI1: 0.0127 | AJ1: 0.0123 | AK1: 0.074 | AM1: CONSTRUÇÃO DE EDIFÍCIOS | AN1: 0.03 | AO1: 0.008 | AP1: 0.0097 | AQ1: 0.0059 | AR1: 0.0616 | AT1: CONSTRUÇÃO DE EDIFÍCIOS | AU1: 0.055 | AV1: 0.01 | AW1: 0.0127 | AX1: 0.0139 | AY1: 0.0896
A2: CONTRATANTE: | B2: PREFEITURA MUNICIPAL DE SARZEDO - MG | S2: PLANILHA MODELO: | Z2: REV_00 | AF2: CONSTRUÇÃO DE RODOVIAS E FERROVIAS | AG2: 0.0401 | AH2: 0.004 | AI2: 0.0056 | AJ2: 0.0111 | AK2: 0.073 | AM2: CONSTRUÇÃO DE RODOVIAS E FERROVIAS | AN2: 0.038 | AO2: 0.0032 | AP2: 0.005 | AQ2: 0.0102 | AR2: 0.0664 | AT2: CONSTRUÇÃO DE RODOVIAS E FERROVIAS | AU2: 0.0467 | AV2: 0.0074 | AW2: 0.0097 | AX2: 0.0121 | AY2: 0.0869
A3: CONTRATADA: | S3: NÃO DESONERADA | Z3: 44986 | AF3: CONSTRUÇÃO DE REDES DE ABASTECIMENTO DE ÁGUA, COLETA DE ESGOTO E CONSTRUÇÕES CORRELATAS | AG3: 0.0493 | AH3: 0.0049 | AI3: 0.0139 | AJ3: 0.0099 | AK3: 0.0804 | AM3: CONSTRUÇÃO DE REDES DE ABASTECIMENTO DE ÁGUA, COLETA DE ESGOTO E CONSTRUÇÕES CORRELATAS | AN3: 0.0343 | AO3: 0.0028 | AP3: 0.01 | AQ3: 0.0094 | AR3: 0.0674 | AT3: CONSTRUÇÃO DE REDES DE ABASTECIMENTO DE ÁGUA, COLETA DE ESGOTO E CONSTRUÇÕES CORRELATAS | AU3: 0.0671 | AV3: 0.0075 | AW3: 0.0174 | AX3: 0.0117 | AY3: 0.094
A4: PROJETO: | B4: INFRAESTRUTURA ÁREA EXTERNA CEMEI JARDIM ANCHIETA (DONA SARITA) | S4: TERCEIRO QUARTIL | AF4: CONSTRUÇÃO DE MANUNTEÇÃO DE ESTAÇÕES E REDES DE DISTRIBUIÇÃO DE ENERGIA ELÉTRICA | AG4: 0.0592 | AH4: 0.0051 | AI4: 0.0148 | AJ4: 0.0107 | AK4: 0.0831 | AM4: CONSTRUÇÃO DE MANUNTEÇÃO DE ESTAÇÕES E REDES DE DISTRIBUIÇÃO DE ENERGIA ELÉTRICA | AN4: 0.0529 | AO4: 0.0025 | AP4: 0.01 | AQ4: 0.0101 | AR4: 0.08 | AT4: CONSTRUÇÃO DE MANUNTEÇÃO DE ESTAÇÕES E REDES DE DISTRIBUIÇÃO DE ENERGIA ELÉTRICA | AU4: 0.0793 | AV4: 0.0056 | AW4: 0.0197 | AX4: 0.0111 | AY4: 0.0951
A5: CONSTRUÇÃO DE EDIFÍCIOS | AF5: OBRAS PORTUÁRIAS, MARÍTIMAS E FLUVIAIS | AG5: 0.0552 | AH5: 0.0122 | AI5: 0.0232 | AJ5: 0.0102 | AK5: 0.084 | AM5: OBRAS PORTUÁRIAS, MARÍTIMAS E FLUVIAIS | AN5: 0.04 | AO5: 0.0081 | AP5: 0.0146 | AQ5: 0.0094 | AR5: 0.0714 | AT5: OBRAS PORTUÁRIAS, MARÍTIMAS E FLUVIAIS | AU5: 0.0785 | AV5: 0.0199 | AW5: 0.0316 | AX5: 0.0133 | AY5: 0.1043
AF6: CAEMA | AG6: 0.0493 | AH6: 0.0049 | AI6: 0.0139 | AJ6: 0.0099 | AK6: 0.0804 | AM6: CAEMA | AN6: 0.0493 | AO6: 0.0049 | AP6: 0.0139 | AQ6: 0.0099 | AR6: 0.0804 | AT6: CAEMA | AU6: 0.0493 | AV6: 0.0049 | AW6: 0.0139 | AX6: 0.0099 | AY6: 0.0804
A7: AC = | B7: ADMINISTRAÇÃO CENTRAL = | G7: =IF($S$4="QUARTIL MÉDIO",VLOOKUP($A$5,$AF$1:$AK$6,2,0),IF($S$4="PRIMEIRO QUARTIL",VLOOKUP($A$5,$AM$1:$AR$6,2,0),IF($S$4="TERCEIRO QUARTIL",VLOOKUP($A$5,$AT$1:$AY$6,2,0)))) -> 0.055
A8: S + G = | B8: SEGURO + GARANTIAS = | G8: 0.01 | AG8: QUARTIL MÉDIO | AN8: 1 QUARTIL | AU8: 3 QUARTIL
A9: R = | B9: RISCO = | G9: 0.0127 | AG9: ADM | AH9: SG | AI9: RI | AJ9: DF | AK9: LU | AN9: ADM | AO9: SG | AP9: RI | AQ9: DF | AR9: LU | AU9: ADM | AV9: SG | AW9: RI | AX9: DF | AY9: LU
A10: DF = | B10: DESPESAS FINANCEIRAS = | G10: 0.0096
A11: L = | B11: LUCRO = | G11: 0.075
A12: I = | B12: IMPOSTOS = | G12: 0.0465
E13: COFINS | G13: 0.03
E14: PIS | G14: 0.0065
E15: ISS | G15: 0.01
E16: CPRB | G16: -
B21: BDI = | C21: [ | D21: [( | E21: 1 | F21: + | G21: =G7 -> 0.055 | H21: + | I21: =G8 -> 0.01 | J21: + | K21: =G9 -> 0.0127 | L21: )x | M21: ( | N21: 1 | O21: + | P21: =G10 -> 0.0096 | Q21: )x | R21: ( | S21: 1 | T21: + | U21: =G11 -> 0.075 | V21: )] | W21: ] | X21: -1 | Y21: = | Z21: =ROUND((((E21+G21+I21+K21)*(N21+P21)*(S21+U21))/(N23-P23))-1,4) -> 0.2267
M23: ( | N23: 1 | O23: - | P23: =G12 -> 0.0465 | Q23: )
A25: 1 - FORMULA CONFORME ACORDAO nº 2622/2013 TCU - PLENÁRIO
